 Dungeon Sprint DCSS version 0.20-a0-833-gc632bec (webtiles) character file.

27 Kidiri the Magician (level 2, -3/16 HPs)
             Began as a Deep Elf Fire Elementalist on Mar 7, 2017.
             Slain by a human (10 damage)
             ... in the Dungeon (Sprint III: "The Ten Rune Challenge").
             The game lasted 00:00:44 (117 turns).

Kidiri the Magician (Deep Elf Fire Elementalist)     Turns: 117, Time: 00:00:44

Health: -3/16      AC:  2    Str:  5    XL:     2   Next: 93%
Magic:  3/10       EV: 14    Int: 19    God:
Gold:   0          SH:  0    Dex: 15    Spells: 8/11 levels left

rFire    . . .     SeeInvis .   k - +0 dagger
rCold    . . .     Gourm    .   a - +0 robe
rNeg     . . .     Faith    .   (no shield)
rPois    .         Spirit   .   (no helmet)
rElec    .         Reflect  .   (no cloak)
rCorr    .         Harm     .   (no gloves)
MR       .....     NoTele   +   (no boots)
Stlth    ++........             (no amulet)
Regen    0.1/turn               (no ring)
MPRegen  0.2/turn               (no ring)

@: very slightly contaminated
A: no striking features
a: no special abilities


You were in the Dungeon.
You were not hungry.

You visited 1 branch

Inventory:

Hand Weapons
 k - a +0 dagger (weapon)
Armour
 a - a +0 robe (worn)
 l - a +0 robe
Scrolls
 i - a scroll of blinking
Potions
 d - a potion of curing
 e - a potion of heal wounds
 f - a potion of haste
 g - 2 potions of magic
 h - a potion of berserk rage
Books
 b - a book of Flames

   Spells                             Type                      Level
   a - Flame Tongue                   Conjuration/Fire             1
   b - Throw Flame                    Conjuration/Fire             2
   c - Conjure Flame                  Conjuration/Fire             3
   d - Inner Flame                    Hexes/Fire                   3
   e - Sticky Flame                   Conjuration/Fire             4
   f - Fireball                       Conjuration/Fire             5
Comestibles
 c - a bread ration
 j - a chunk of flesh


   Skills:
 + Level 1.4 Fighting
 + Level 0.0 Short Blades
 + Level 1.5 Armour
 + Level 3.6 Dodging
 - Level 2.4 Stealth
 * Level 5.0 Spellcasting
 + Level 2.5 Conjurations
 + Level 4.0 Fire Magic


You had 8 spell levels left.
You knew the following spells:

 Your Spells              Type           Power        Failure   Level  Hunger
a - Flame Tongue          Conj/Fire      ###..        3%          1    None
b - Throw Flame           Conj/Fire      ###...       6%          2    #......


Dungeon Overview and Level Annotations

Branches:
Dungeon (1/1)

Altars:


Message History

You are very lightly contaminated with residual magic.
Nothing appears to happen.
The human hits you.
Casting: Flame Tongue
Confirm with . or Enter, or press ? or * to list all spells.
Aiming: Flame Tongue
Press: ? - help, Shift-Dir - straight line, f/p - human
Aim: a human (severely wounded)
The flame tongue hits the human.
The human is almost dead.
The human hits you but does no damage.
Casting: Flame Tongue
Confirm with . or Enter, or press ? or * to list all spells.
Aiming: Flame Tongue
Press: ? - help, Shift-Dir - straight line, f/p - human
Aim: a human (almost dead)
The flame tongue hits the human.
The human appears unharmed.
The human is almost dead.
The human hits you!
Ouch! That really hurt!
You die...

▓.....#
▓....÷#...≈≈.♣♣.
▓....(#..≈≈≈≈...
▓####'#..≈≈≈≈≈≈.
▓(....#.≈≈≈≈≈≈..
▓.....#.≈≈≈≈≈...
▓.....#.≈≈≈.....
▓'#####.........
▓...@p..........
▓▓▓▓▓▓▓▓▓▓▓▓▓▓▓▓


You could see a human.

Vanquished Creatures
  Jessica (D)
  2 rats (D)
3 creatures vanquished.

Vanquished Creatures (others)
  6 hellions (D)
  A yaktaur (D)
7 creatures vanquished.

Grand Total: 10 creatures vanquished

Notes
Turn   | Place    | Note
-------+----------+-------------------------------------------
     0 | D        | Kidiri the Deep Elf Fire Elementalist began the quest for the Orb.
     0 | D        | Reached XP level 1. HP: 10/10 MP: 6/6
    23 | D        | Noticed Jessica
    26 | D        | Killed Jessica
    26 | D        | Reached skill level 1 in Fighting
    26 | D        | Reached skill level 1 in Armour
    26 | D        | Reached skill level 5 in Spellcasting
    26 | D        | Reached XP level 2. HP: 16/16 MP: 2/10
    32 | D        | Learned a level 2 spell: Throw Flame
    55 | D        | Killed a yaktaur
    88 | D        | Killed a hellion
    88 | D        | Killed a hellion
    88 | D        | Killed a hellion
    93 | D        | Killed a hellion
   102 | D        | Killed a hellion
   104 | D        | Killed a hellion
   117 | D        | Slain by a human

Vault maps used:
D:        dungeon_sprint_mu

Skill      XL: |  1 |
---------------+----+-----
Fighting       | 1 |  1.4
Armour         | 1 |  1.5
Dodging        | 3 |  3.6
Spellcasting   | 5 |  5.0
Conjurations   | 2 |  2.5
Fire Magic     | 4 |  4.0
Stealth        | |  2.4

Action                   || total
-------------------------++-------
 Cast: Flame Tongue      ||    12
Armor: Robe              ||     1
Dodge: Dodged            ||     2
